 Dungeon Crawl Stone Soup version 0.32-a0-473-gd044c6f0f0 (webtiles) character file.

Game seed: 16281213021336570672

11 Esekla the Sneak (level 2, 21/21 HPs)
             Began as an Octopode Delver on Feb 25, 2024.
             Quit the game on level 5 of the Dungeon.
             The game lasted 00:03:18 (671 turns).

Esekla the Sneak (Octopode Delver)                   Turns: 671, Time: 00:03:18

Health: 21/21      AC:  1    Str: 11    XL:     2   Next: 25%
Magic:  2/2        EV: 13    Int: 12    God:
Gold:   12         SH:  0    Dex: 13    Spells: 2/2 levels left

rFire   . . .        a - +0 falchion
rCold   . . .        (no shield)
rNeg    . . .        (helmet restricted)
rPois   .            (no amulet)
rElec   .            (no ring)
rCorr   .            (no ring)
SInv    .            (no ring)
Will    .....        (no ring)
Stlth   ++++         (no ring)
HPRegen 0.23/turn    (no ring)
MPRegen 0.08/turn    (no ring)
                     (no ring)

%: no passive effects
@: no status effects
A: almost no armour, amphibious, 8 rings, camouflage 1, gelatinous body 1,
(nimble swimmer 1), tentacles
a: no special abilities


You were on level 5 of the Dungeon.
You visited 2 branches of the dungeon, and saw 2 of its levels.

You collected 12 gold pieces.

Inventory:

Hand Weapons
 a - a +0 falchion (weapon)
Wands
 f - a wand of digging (3)
Scrolls
 b - a scroll of fog
 d - a scroll of fear
 g - a scroll of vulnerability {unknown}
 h - a scroll of identify {unknown}
Potions
 e - a potion of haste


   Skills:
 * Level 3.0 Fighting
 + Level 2.0 Long Blades
 * Level 2.1 Dodging
 + Level 6.8 Stealth
 * Level 0.5 Spellcasting
 * Level 0.1 Air Magic
 * Level 0.2 Alchemy


You had 2 spell levels left.
You didn't know any spells.
Your spell library contained the following spells:

 Spells                   Type           Power      Damage    Failure   Level
 Mercury Vapours          Alch/Air       0%         N/A       41%         2
 Mephitic Cloud           Conj/Alch/Air  0%         N/A       65%         3
 Freezing Cloud           Conj/Ice/Air   0%         6-21      100%        5


Dungeon Overview and Level Annotations

Branches:
Dungeon (5/15)             Temple (1/1) D:5

Altars:
Dithmenos
Elyvilon
Fedhas
Hepliaklqana
Nemelex Xobeh
Okawaru
Qazlal
Ru
Sif Muna
Yredelemnul

Annotations:
D:5 Prince Ribbit


Innate Abilities, Weirdness & Mutations

You cannot wear most types of armour.
You are amphibious.
You can wear up to eight rings at the same time.
Your skin changes colour to match your surroundings (Stealth+).
Your rubbery body absorbs attacks. (AC +1, EV +1)
((You are camouflaged when in or above water. (Stealth+)))
You have tentacles for arms and can constrict up to eight enemies at once.


Message History

Found an escape hatch in the floor.
Found a stormy altar of Qazlal.
Found a scale mail.
Prince Ribbit comes into view.
Found an iron wand.
A sleepcap comes into view.
An adder comes into view.
An adder comes into view.
The adder hisses angrily.
Found a white marble altar of Elyvilon.
The adder bites you.
You closely miss the adder. Your grab misses the adder.
The adder barely misses you.
You hit the adder but do no damage. Your grab misses the adder.
The adder bites you.
You are poisoned.
The adder poisons you! The adder bites you.
You hit the adder but do no damage. Your grab misses the adder.
You squeeze the adder.
The adder is lightly wounded.
You feel sick. The adder bites you.
You barely miss the adder. You grab the adder.
The adder is lightly wounded.
You constrict the adder.
You feel sick. The adder closely misses you. The adder barely misses you.
Okay, then.
Unknown command.
You slash the adder!
The adder is almost dead.
You constrict the adder.
You kill the adder!
You feel sick.
You have reached level 2!
You start resting.
You feel sick. x2
You are no longer poisoned.
You start resting.
HP restored.
An orc comes into view. It is wielding a +0 mace.
Found a metallic brown potion.
The orc shouts!
Are you sure you want to abandon this character and quit the game? (Confirm with "yes".)

#.........#.S.,,,,,,,,,#.# #
#.....##.##.........#*,#.#
####
##.#####,##.........#,,#.#
#... #.#
#.##.........#,,#.###...
#.#####.##.........#.,#.##....
#....................,#......≈
###................#,,###.#...
#................#,,* #.#.≈.
#..........@.....#,,* #[....
#.........#####..#,,* ###..≈
#.........#,..,,,*,,* #..≈
#.†.......#.###.**,,* #...
#...............#*,,****#...
#...#.....#.#####*,,,,,,..≈.
#.......o...# *,*****#...
###.#.⌠.⌠.#.# *,,,,,,F...
#.........# *******#...


There were no monsters in sight!

Vanquished Creatures
  An adder (D:5)
  An orc (D:5)
2 creatures vanquished.

Notes
Turn   | Place    | Note
-------+----------+-------------------------------------------
     0 | D:5      | Esekla the Octopode Delver began the quest for the Orb.
     0 | D:5      | Reached XP level 1. HP: 16/16 MP: 1/1
     7 | D:5      | Found a staircase to the Ecumenical Temple.
    20 | Temple   | Entered the Ecumenical Temple
   424 | D:5      | Noticed a jelly
   463 | D:5      | Noticed a jelly
   529 | D:5      | Found a stormy altar of Qazlal.
   540 | D:5      | Noticed Prince Ribbit
   559 | D:5      | Noticed a sleepcap
   593 | D:5      | Found a white marble altar of Elyvilon.
   599 | D:5      | Reached XP level 2. HP: 9/21 MP: 2/2
   671 | D:5      | Quit the game

Illustrated notes

Levels and vault maps discovered:
D:5:      layout_basic, nicolae_qazlal_general_emergency, elyvilon_altar_5,
          minmay_temple_entry_ruins, dk_rats_in_the_wall, uniq_prince_ribbit1
Temple:   nicolae_temple_bog_church

Action                     || total
---------------------------++-------
  Melee: Falchion          ||     6
         Constrict         ||     1
         Tentacles         ||     1
    Use: Scroll            ||     1
 Armour: Skin              ||     4
  Dodge: Dodged            ||     4

Table legend: (Time is in decaauts)
 A = Elapsed time spent in this place.
 B = Non-inter-level travel time spent in this place.
 C = Inter-level travel time spent in this place.
 D = Time resting spent in this place.
 E = Time spent auto-exploring this place.
 F = Levels seen in this place.
 G = Mean time per level.
                   A        B        C        D        E       F      G
               +--------+--------+--------+--------+--------+-----+--------+
         Total |    672 |    672 |      0 |    460 |      0 |   2 |  336.0 |
       Dungeon |    270 |    270 |      0 |     60 |      0 |   1 |  270.0 |
        Temple |    401 |    401 |      0 |    400 |      0 |   1 |  401.0 |
               +--------+--------+--------+--------+--------+-----+--------+

Top non-repeatable levels by time:
  Temple: 401 daAuts
     D:5: 270 daAuts
